 Dungeon Crawl Stone Soup version 0.22-a0-422-g9628fc8 (webtiles) character file.

64 Gorglomux the Ducker (level 3, 0/29 HPs)
             Began as a Minotaur Earth Elementalist on May 17, 2018.
             Was an Initiate of Cheibriados.
             Slain by an orc
             ... wielding a +0 trident
              (3 damage)
             ... on level 2 of the Dungeon.
             The game lasted 00:02:43 (1024 turns).

Gorglomux the Ducker (Minotaur Earth Elementalist)  Turns: 1024, Time: 00:02:44

Health: 0/29       AC:  2    Str: 14    XL:     3   Next: 91%
Magic:  0/4        EV: 13    Int: 13    God:    Cheibriados [......]
Gold:   38         SH:  0    Dex: 11    Spells: 3/4 levels left

rFire    . . .     SeeInvis .   a - +0 short sword
rCold    . . .     Gourm    .   (no shield)
rNeg     . . .     Faith    .   c - +0 robe
rPois    .         Spirit   .   (helmet restricted)
rElec    .         Reflect  .   (no cloak)
rCorr    .         Harm     .   (no gloves)
MR       .....                  (no boots)
Stlth    ++........             (no amulet)
HPRegen  0.09/turn              (no ring)
MPRegen  0.09/turn              (no ring)

@: very slightly contaminated, very slow
A: retaliatory headbutt, horns 2
a: Bend Time, Renounce Religion


You were on level 2 of the Dungeon.
You worshipped Cheibriados.
Cheibriados was noncommittal.
You were hungry.

You visited 1 branch of the dungeon, and saw 2 of its levels.

You collected 38 gold pieces.

Inventory:

Hand Weapons
 a - a +0 short sword (weapon)
 b - a +0 hunting sling
Missiles
 o - 55 stones (quivered)
Armour
 c - a +0 robe (worn)
Scrolls
 e - a scroll of amnesia {unknown}
 h - a scroll of immolation {unknown}
 k - 3 scrolls of identify {unknown}
 l - a scroll of remove curse {unknown}
 m - a scroll of teleportation {unknown}
 n - a scroll of magic mapping {unknown}
Potions
 i - a potion of heal wounds
Comestibles
 d - 4 rations


   Skills:
 + Level 2.3 Fighting
 + Level 2.3 Armour
 + Level 3.2 Dodging
 - Level 1.5 Stealth
 - Level 1.3 Spellcasting
   Level 0.7 Transmutations
 - Level 2.4 Earth Magic


You had 3 spell levels left.
You knew the following spells:

 Your Spells              Type           Power        Failure   Level  Hunger
a - Sandblast             Erth           #.....       10%         1    ##.....

Your spell library contained the following spells:

 Spells                   Type           Power        Failure   Level  Hunger
 Stone Arrow              Conj/Erth      #.....       45%         3    ####...
 Passwall                 Tmut/Erth      #.........   22%         2    ###....
 Lee's Rapid Deconstruct  Erth           #.........   95%         5    ######.
 Petrify                  Tmut/Erth      #.......     82%         4    #####..


Dungeon Overview and Level Annotations

Branches:
Dungeon (2/15)

Altars:
Cheibriados


Innate Abilities, Weirdness & Mutations

You reflexively headbutt those who attack you in melee.
You have a pair of horns on your head.


Message History

You annihilate the giant butt!!!
Cheibriados appreciates the change of butt!
The orc hits you with a hand axe! The orc hits you but does no damage!
Unknown command!
Unknown command!
You skewer the butt like a kebab!
The orc is heavily wounded!
The orc butts you with a hand axe! * * * don't die
* * * The rat barely misses you!
The orc hits you butt afar with a trident! * * * don't die
* * * Butt command!
You skewer the orc but do no damage! Your headbutt misses the orc!
The orc is heavily wounded!
The orc hits you with a hand axe! * * * don't die
* * * The rat misses you!
The orc hits you from butt with a trident! rip

#............................
#............)................
#.............................
#....#..................
#....##.._............#
######................##
.............o.......#
............r#or...).#
............o#@.......
.............#####....
.............# ...
............)# .# #.....)..#
#........# ........[#
.........# ....(...........


You could see 2 orcs and a rat.

Vanquished Creatures
  2 adders (D:2)
  An ooze (D:2)
  A worm (D:2)
  2 orcs (D:2)
  4 ball pythons
  4 giant cockroaches
  2 goblins (D:2)
  8 hobgoblins
  3 bats (D:1)
  3 kobolds
  4 rats (D:1)
34 creatures vanquished.

Notes
Turn   | Place    | Note
-------+----------+-------------------------------------------
     0 | D:1      | Gorglomux the Minotaur Earth Elementalist began the quest for the Orb.
     0 | D:1      | Reached XP level 1. HP: 14/14 MP: 1/1
   132 | D:1      | Reached skill level 1 in Fighting
   132 | D:1      | Reached skill level 1 in Armour
   133 | D:1      | Reached XP level 2. HP: 23/23 MP: 3/3
   621 | D:2      | Found a snail-covered altar of Cheibriados.
   761 | D:2      | Reached XP level 3. HP: 18/29 MP: 4/4
   778 | D:2      | Became a worshipper of Cheibriados the Contemplative
   988 | D:2      | Reached skill level 3 in Dodging
  1024 | D:2      | Slain by an orc

Vault maps used:
D:1:      dpeg_chamrin_arrival_tetris
D:2:      old_standard_altar, tgw_xom, cheibriados_altar_1

Skill      XL: |  1  2  3 |
---------------+----------+-----
Fighting       | 1 2 |  2.3
Armour         | 1 2 |  2.3
Dodging        | 3 |  3.2
Stealth        | |  1.5
Spellcasting   | |  1.3
Transmutations | |  0.7
Earth Magic    | |  2.4

Action                   || total
-------------------------++-------
Melee: Short sword       ||    55
       Unarmed           ||     4
       Headbutt          ||     6
 Fire: Hunting sling     ||     6
Throw: Stone             ||     5
 Cast: Sandblast         ||    17
  Use: Potion            ||     3
 Stab: Sleeping          ||     3
Armor: Robe              ||    15
Dodge: Dodged            ||    73

Table legend:
 A = Spawn XP
 B = Non-spawn XP
 C = Spawn XP percentage of total XP
 D = Spawn monster count
 E = Non-spawn monster count
 F = Spawn count percentage of total count
 G = Total turns spent on level
                    A         B        C        D         E        F      G
               +---------+---------+-------+---------+---------+-------+---------
         Total |       0 |      92 |   0.0 |       0 |      34 |   0.0 |  1024
               +---------+---------+-------+---------+---------+-------+---------
           D:1 |       0 |      26 |   0.0 |       0 |      17 |   0.0 |   540
           D:2 |       0 |      66 |   0.0 |       0 |      17 |   0.0 |   484
               +---------+---------+-------+---------+---------+-------+---------
